 Dungeon Crawl Stone Soup version 0.25.0-46-gbd7b0854d2 (webtiles) character file.

Game seed: 3685902858211519691

24112 Fascinator the Blocker (level 12, -1/105 HPs)
             Began as a Demonspawn Fighter on July 15, 2020.
             Was a High Priest of Qazlal.
             Slain by a meliai
             ... wielding a +1 war axe of freezing
              (9 damage)
             ... on level 4 of the Lair of Beasts.
             The game lasted 00:42:38 (13794 turns).

Fascinator the Blocker (Demonspawn Fighter)        Turns: 13794, Time: 00:42:38

Health: -1/105     AC: 20    Str: 21    XL:     12   Next: 77%
Magic:  20/20      EV: 17    Int: 11    God:    Qazlal [*****.]
Gold:   728        SH: 11    Dex: 22    Spells: 8/11 levels left

rFire    . . .     SeeInvis +   b - +9 heavy crossbow "Sniper" {vorpal, Acc+∞ SInv}
rCold    . . .     Gourm    .   (shield currently unavailable)
rNeg     . . .     Faith    .   z - +1 ring mail "Irigebis" {Dex+4 SInv}
rPois    .         Spirit   .   (helmet unavailable)
rElec    .         Reflect  +   O - scarf {harm}
rCorr    .         Harm     +   S - +1 pair of gloves
MR       .....                  k - +0 pair of boots
Stlth    ++........             J - amulet of reflection
HPRegen  1.27/turn              g - +4 ring of protection
MPRegen  0.17/turn              y - +6 ring of dexterity

@: protected from physical damage, repel missiles
A: horns 3, rugged brown scales 2, nightstalker 3, powered by death 1
a: Upheaval, Elemental Force, Disaster Area, Renounce Religion


You were on level 4 of the Lair of Beasts.
You worshipped Qazlal.
Qazlal was extremely pleased with you.
You were hungry.

You visited 2 branches of the dungeon, and saw 15 of its levels.
You also visited: Sewer.

You collected 896 gold pieces.
You spent 168 gold pieces at shops.

Inventory:

Hand Weapons
 a - a +3 morningstar of flaming
 b - the +9 heavy crossbow "Sniper" (weapon) {vorpal, Acc+∞ SInv}
   (You found it on level 11 of the Dungeon)

   Any bolt fired from it inflicts extra damage.
   It lets you see invisible.
 x - a +0 war axe
Missiles
 P - 37 bolts (quivered)
Armour
 c - a +1 kite shield
 k - a +0 pair of boots (worn)
 z - the +1 ring mail "Irigebis" (worn) {Dex+4 SInv}
   (You found it on level 4 of the Dungeon)

   It affects your dexterity (+4).
   It lets you see invisible.
 E - the +1 buckler of Death's Door {rF++ Str-3 Slay+5}
   (You found it on level 10 of the Dungeon)

   It affects your strength (-3).
   It affects your accuracy and damage with ranged weapons and melee attacks
   (+5).
   It greatly protects you from fire.
 M - a +1 plate armour of cold resistance
 O - a scarf of harm (worn)
 S - a +1 pair of gloves (worn)
Jewellery
 g - a +4 ring of protection (left hand)
 l - an uncursed ring of poison resistance
 u - an uncursed amulet of magic regeneration
 v - an uncursed amulet of regeneration
 y - a +6 ring of dexterity (right hand)
 G - an uncursed ring of fire
 J - an amulet of reflection (around neck)
Wands
 e - a wand of polymorph (15)
 s - a wand of clouds (6)
 w - a wand of disintegration (8)
 D - a wand of flame (20)
 H - a wand of digging (5)
 K - a wand of random effects (17)
 T - a wand of paralysis (8)
Scrolls
 i - 3 scrolls of identify
 m - 9 scrolls of teleportation
 q - 4 scrolls of fog
 A - 3 scrolls of blinking
 B - 2 scrolls of remove curse
 C - a scroll of fear
 L - 5 scrolls of enchant armour
 N - a scroll of immolation {unknown}
 Q - a scroll of summoning {unknown}
 R - 3 scrolls of amnesia
Potions
 d - a potion of berserk rage {unknown}
 h - 4 potions of heal wounds
 j - 7 potions of curing
 n - a potion of haste
 o - a potion of might
 p - 3 potions of invisibility
 r - 2 potions of flight {unknown}
 t - a potion of brilliance {unknown}
 F - a potion of mutation {unknown}
 I - 2 potions of resistance {unknown}
Comestibles
 f - 26 rations


   Skills:
 * Level 11.4 Fighting
 - Level 1.7 Axes
 + Level 7.7 Armour
 + Level 7.1 Dodging
 + Level 11.8 Shields
 * Level 10.9 Invocations


You had 8 spell levels left.
You knew the following spells:

 Your Spells              Type           Power        Failure   Level  Hunger
a - Mephitic Cloud        Conj/Pois/Air  #.......     85%         3    ####...

Your spell library contained the following spells:

 Spells                   Type           Power        Failure   Level  Hunger
 Poisonous Vapours        Pois/Air       #.....       63%         2    ###....
 Conjure Flame            Conj/Fire      #.......     85%         3    ####...
 Freezing Cloud           Conj/Ice/Air   #.........   100%        6    #######
 Ring of Flames           Chrm/Fire      #.........   100%        7    #######


Dungeon Overview and Level Annotations

Branches:
Dungeon (11/15)            Temple (0/1) D:5            Lair (4/6) D:8
 Shoals (0/4) Lair:3        Snake (0/4) Lair:2        Sewer (visited)
    Orc: D:9-12

Altars:
Cheibriados
Elyvilon
Gozag
Kikubaaqudgha
Okawaru
Qazlal
Ru
Sif Muna
Wu Jian
The Shining One

Shops:
D:5 [

Portals:
Trove: D:10 (give 2 scrolls of acquirement)


Innate Abilities, Weirdness & Mutations

You have a pair of large horns on your head.
You are mostly covered in rugged brown scales. (AC +2, +5% HP)
You are completely attuned to the shadows.
You regenerate a little health from kills.


Message History

The meliai poisons you! The meliai barely misses you.
You block the meliai's attack. The bullfrog misses you.
The killer bee barely misses you.
You feel better.
You hear an angry buzzing noise. x2
The meliai hits you but does no damage. You block the meliai's attack.
The meliai hits you with a +1 war axe of freezing.
* * * LOW HITPOINT WARNING * * *
The meliai freezes you.
* * * LOW HITPOINT WARNING * * *
The meliai completely misses you.
The killer bee is engulfed in blazing flames.
You block the killer bee's attack. The bullfrog misses you.
You block the meliai's attack.
The meliai stings you but does no damage.
The killer bee is engulfed in blazing flames.
You kill the killer bee!
Qazlal accepts your kill. The meliai misses you. The meliai stings you!
You die...

#..#.....
#..>.....
#........
#........
#..<..# P
##.....#
..###..(.##.≈
#..§☼(.#.# .
#○.@y.#..?
#...Fy.P.#.
#P.§☼.(..#
###.PP.<.#
#.#../..


You could see 2 meliai and a bullfrog.

Vanquished Creatures
  4 hydras
  2 two-headed ogres
  An unseen horror (D:10)
  2 ugly things (D:8)
  A manticore (D:11)
  A black mamba (Lair:4)
  Joseph (D:7)
  A spiny frog (Lair:2)
  A kobold demonologist (D:11)
  A komodo dragon (Lair:3)
  A rime drake (Lair:3)
  A queen bee (Lair:2)
  A troll (D:9)
  Grinder (D:6)
  Prince Ribbit (D:9)
  4 blink frogs (Lair:2)
  A snapping turtle (Lair:3)
  2 hippogriffs
  A shadow (D:10)
  Sigmund (D:2)
  A wraith (D:11)
  29 yaks
  4 basilisks
  Menkaure (D:7)
  3 nagas (Lair:2)
  8 porcupines
  6 water moccasins
  Duvessa (D:7)
  Purgy (Sewer)
  6 orc warriors
  2 ice beasts
  4 sky beasts
  A phantom (D:7)
  An ogre (D:5)
  6 wolves (Lair:3)
  8 centaurs
  4 crocodiles
  2 big kobolds
  9 bullfrogs
  2 gnoll sergeants (D:6)
  Dowan (D:7)
  3 scorpions (D:8)
  37 killer bees
  A howler monkey (D:6)
  An electric eel (Lair:2)
  3 crimson imps
  2 bullfrog zombies (D:9)
  A jelly (D:8)
  3 hounds
  2 centaur zombies
  8 orc priests
  7 orc wizards
  A bullfrog skeleton (D:8)
  A centaur skeleton (D:4)
  3 iguanas
  Terence (D:3)
  7 worker ants
  4 hound zombies
  3 hound skeletons
  3 worker ant zombies
  Robin (D:2)
  9 gnolls (D:6)
  11 adders
  A shadow imp (D:5)
  2 oozes
  3 adder skeletons
  4 worms
  2 dart slugs
  2 leopard geckos
  62 orcs
  8 giant cockroaches
  12 hobgoblins
  13 jackals
  3 quokkas
  A ball python (D:1)
  8 bats
  4 frilled lizards
  14 goblins
  18 kobolds
  8 rats
406 creatures vanquished.

Vanquished Creatures (collateral kills)
  A two-headed ogre (D:11)
  A centaur (D:11)
  An iguana (D:11)
  An orc wizard (D:11)
4 creatures vanquished.

Vanquished Creatures (others)
  An orc (D:11)
  A bush (D:8)
  A fungus (D:8)
  12 plants
15 creatures vanquished.

Grand Total: 425 creatures vanquished

Notes
Turn   | Place    | Note
-------+----------+-------------------------------------------
     0 | D:1      | Fascinator the Demonspawn Fighter began the quest for the
                  | Orb.
     0 | D:1      | Reached XP level 1. HP: 18/18 MP: 1/1
   304 | D:1      | Gained mutation: You regenerate a little health from kills.
                  | [demonic ancestry]
   304 | D:1      | Reached XP level 2. HP: 22/24 MP: 2/2
  1249 | D:2      | Gained mutation: You are slightly more attuned to the
                  | shadows. [demonic ancestry]
  1249 | D:2      | Reached XP level 3. HP: 29/29 MP: 3/3
  1353 | D:2      | Identified the +0 helmet of Elyvilon's Pride {+Fly rCorr
                  | Slay+2}
  1353 | D:2      | Noticed Robin
  1397 | D:2      | Killed Robin
  1397 | D:2      | Gained mutation: You have a pair of small horns on your
                  | head. [demonic ancestry]
  1397 | D:2      | Reached XP level 4. HP: 30/35 MP: 4/4
  1520 | D:2      | Found an iron altar of Okawaru.
  1690 | D:2      | Noticed Sigmund
  1716 | D:2      | Killed Sigmund
  1716 | D:2      | Reached skill level 1 in Dodging
  1716 | D:2      | Gained mutation: You are partially covered in rugged brown
                  | scales. (AC +1, +3% HP) [demonic ancestry]
  1716 | D:2      | Reached XP level 5. HP: 39/43 MP: 5/5
  1994 | D:2      | Found a sacrificial altar of Ru.
  2222 | D:3      | Gained mutation: You are mostly covered in rugged brown
                  | scales. (AC +2, +5% HP) [demonic ancestry]
  2222 | D:3      | Reached XP level 6. HP: 42/50 MP: 6/6
  2257 | D:3      | Found a snail-covered altar of Cheibriados.
  2507 | D:3      | Found a stormy altar of Qazlal.
  2520 | D:3      | Became a worshipper of Qazlal Stormbringer
  2590 | D:3      | Noticed Terence
  2603 | D:3      | Killed Terence
  2815 | D:3      | Found a glowing golden altar of the Shining One.
  2938 | D:3      | Found a shimmering blue altar of Sif Muna.
  3376 | D:4      | Gained mutation: You have a pair of horns on your head.
                  | [demonic ancestry]
  3376 | D:4      | Reached XP level 7. HP: 46/57 MP: 7/7
  3494 | D:4      | Got a steaming ring mail
  3505 | D:4      | Identified the +1 ring mail "Irigebis" {Dex+4 SInv} (You
                  | found it on level 4 of the Dungeon)
  3745 | D:5      | Entered Level 5 of the Dungeon
  3769 | D:5      | Reached skill level 1 in Invocations
  3782 | D:5      | Found a glowing drain.
  3783 | D:5      | Reached * piety under Qazlal
  3794 | Sewer    | Entered a sewer
  3836 | Sewer    | Reached skill level 5 in Shields
  3884 | Sewer    | Noticed Purgy
  3901 | Sewer    | Killed Purgy
  3901 | Sewer    | Reached skill level 5 in Fighting
  4184 | D:5      | Found Weoxamp's Antique Armour Shop.
  4358 | D:5      | Found a snail-covered altar of Cheibriados.
  4362 | D:5      | Found a staircase to the Ecumenical Temple.
  4368 | D:5      | Gained mutation: You are significantly more attuned to the
                  | shadows. [demonic ancestry]
  4368 | D:5      | Reached XP level 8. HP: 65/65 MP: 10/10
  4433 | D:5      | Found an ornate altar of the Wu Jian Council.
  4501 | D:5      | Bought an embroidered scarf for 168 gold pieces
  4606 | D:6      | Found an opulent altar of Gozag.
  4730 | D:6      | Noticed Grinder
  4745 | D:6      | Paralysed by Grinder for 4 turns
  4750 | D:6      | Killed Grinder
  4809 | D:6      | Reached ** piety under Qazlal
  4809 | D:6      | Reached skill level 5 in Armour
  4847 | D:6      | Reached XP level 9. HP: 61/74 MP: 12/12
  5262 | D:7      | Reached skill level 5 in Invocations
  5375 | D:7      | Noticed Joseph
  5385 | D:7      | Killed Joseph
  5750 | D:7      | Noticed Menkaure
  5756 | D:7      | Killed Menkaure
  6065 | D:7      | Noticed Dowan
  6067 | D:7      | Noticed Duvessa
  6070 | D:7      | Killed Duvessa
  6079 | D:7      | Killed Dowan
  6338 | D:8      | Noticed a cyan ugly thing
  6347 | D:8      | Killed a cyan ugly thing
  6347 | D:8      | Gained mutation: You are completely attuned to the shadows.
                  | [demonic ancestry]
  6347 | D:8      | Reached XP level 10. HP: 84/84 MP: 14/14
  6370 | D:8      | Reached *** piety under Qazlal
  6387 | D:8      | Found a staircase to the Lair.
  6447 | D:8      | Noticed a green ugly thing
  6454 | D:8      | Killed a green ugly thing
  6850 | D:8      | Found a white marble altar of Elyvilon.
  7267 | D:9      | Noticed a two-headed ogre
  7274 | D:9      | Killed a two-headed ogre
  7274 | D:9      | Reached skill level 5 in Dodging
  7482 | D:9      | Noticed Prince Ribbit
  7484 | D:9      | Killed Prince Ribbit
  7484 | D:9      | Reached **** piety under Qazlal
  7952 | D:9      | Found an ancient bone altar of Kikubaaqudgha.
  8161 | D:10     | Entered Level 10 of the Dungeon
  8181 | D:10     | Gained mutation: You have a pair of large horns on your
                  | head. [demonic ancestry]
  8181 | D:10     | Reached XP level 11. HP: 52/93 MP: 17/17
  8191 | D:10     | Noticed a two-headed ogre
  8506 | D:10     | Killed a two-headed ogre
  8506 | D:10     | Reached skill level 10 in Shields
  8775 | D:10     | Noticed an unseen horror
  8787 | D:10     | Killed an unseen horror
  8892 | D:10     | Found a portal to a secret trove of treasure.
  8973 | D:10     | Got an ancient buckler
  8984 | D:10     | Identified the +1 buckler of Death's Door {rF++ Str-3
                  | Slay+5} (You found it on level 10 of the Dungeon)
  9301 | D:10     | Learned a level 3 spell: Mephitic Cloud
  9445 | D:11     | Reached ***** piety under Qazlal
  9456 | D:11     | Noticed a two-headed ogre
  9462 | D:11     | Killed a two-headed ogre
  9722 | D:11     | Found the +9 heavy crossbow "Sniper" {vorpal, Acc+∞ SInv}
 10123 | Lair:1   | Entered Level 1 of the Lair of Beasts
 10249 | Lair:1   | Reached skill level 10 in Fighting
 11027 | Lair:2   | Noticed a seven-headed hydra
 11049 | Lair:1   | Killed a seven-headed hydra
 11348 | Lair:2   | Reached XP level 12. HP: 101/101 MP: 19/19
 11432 | Lair:2   | Noticed a four-headed hydra
 11433 | Lair:2   | Reached skill level 10 in Invocations
 11436 | Lair:2   | Killed a four-headed hydra
 11929 | Lair:2   | Noticed an eight-headed hydra
 11931 | Lair:2   | Killed an eight-headed hydra
 12345 | Lair:2   | Found a staircase to the Snake Pit.
 12949 | Lair:3   | Noticed a four-headed hydra
 12953 | Lair:3   | Killed a four-headed hydra
 13637 | Lair:3   | Found a staircase to the Shoals.
 13793 | Lair:4   | HP: 4/105 [meliai/+0 war axe (10)]
 13794 | Lair:4   | Slain by a meliai

Illustrated notes

Levels and vault maps discovered:
D:1:      dpeg_arrival_court, layout_basic
D:2:      layout_basic, marbit_many_paths, okawaru_ov_weapons_minmay,
          uniq_robin, uniq_sigmund
D:3:      layout_loops_ring, overflow_temple_1_default, led_sif_pool, tso_altar,
          old_standard_altar, wad_floor_pattern_2, uniq_terence
D:4:      layout_loops_corners, first_ration
D:5:      layout_basic, kennysheep_little_box, temple_fountains, basic_altar,
          serial_shops, shop, portal_sewer_entry_d, minmay_misc_feat_hallway
D:6:      layout_cave_pools, lemuel_doored_altar, uniq_grinder
D:7:      layout_cave_pods, uniq_joseph, uniq_duvessa, uniq_menkaure
D:8:      layout_gridville, elyvilon_altar_5, minmay_lair_entry_grove,
          minmay_strange_pillars
D:9:      layout_irregular_city, lemuel_round_altar, uniq_prince_ribbit1
D:10:     layout_cave_pools, enter_trove_3, serial_column_ruins,
          column_ruins_square_large, column_ruins_grid_2,
          column_ruins_columns_corner, column_ruins_grid_1, column_ruins_grid_1
D:11:     layout_loops_ring, david_orc_2, serial_shops, nicolae_shop_waterfront,
          nicolae_shop_temple_entry_statues_fountains, kennysheep_mini, shop,
          nicolae_shop_stone
Lair:1:   layout_cave_pods, grunt_megastairs_3
Lair:2:   wander_river, layout_gridlike, guppyfry_snake_entry_garden,
          special_room [special_room_bee], infiniplex_staircase_pool
Lair:3:   layout_hall_layers, minmay_shoals_entry_hut, special_room
Lair:4:   regret_index_tunnel_blossom, layout_misc_corridors

Skill      XL: |  1  2  3  4  5  6  7  8  9 10 11 12 |
---------------+-------------------------------------+-----
Shields        | 3 4 5 7 8 9 11 | 11.8
Armour         | 3 4 5 6 7 |  7.7
Fighting       | 4 5 6 7 9 10 11 | 11.4
Dodging        | 1 2 3 4 5 6 7 |  7.1
Invocations    | 2 4 6 8 9 10 | 10.9
Axes           | |  1.7

Action                   |  1- 3 |  4- 6 |  7- 9 | 10-12 || total
-------------------------+-------+-------+-------+-------++-------
Melee: War axe           |   123 |   180 |       |       ||   303
       Headbutt          |       |    27 |    55 |    48 ||   130
       Morningstar       |       |    51 |   246 |   236 ||   533
 Fire: Heavy crossbow    |       |       |       |   124 ||   124
Invok: Elemental Force   |       |       |       |     2 ||     2
  Use: Scroll            |       |     6 |    12 |     3 ||    21
       Potion            |       |     2 |       |     3 ||     5
  Eat: Chunk             |     2 |     7 |    10 |    13 ||    32
       Ration            |       |       |       |     3 ||     3
Armor: Scale mail        |    71 |   109 |     1 |       ||   181
       Skin              |       |    10 |       |       ||    10
       Ring mail         |       |       |   106 |   107 ||   213
Dodge: Dodged            |    44 |    82 |    79 |   287 ||   492
       Repelled          |       |       |       |     3 ||     3
Block: Kite shield       |    80 |   165 |   295 |   293 ||   833
       Reflection        |       |       |     8 |    21 ||    29
       Buckler           |       |       |       |   104 ||   104
       Other             |       |       |       |   120 ||   120
